 Dungeon Crawl Stone Soup version 0.28-a0-661-g144af121cd (webtiles) character file.

Game seed: 15541854739891298728

14476 MacCMillion the Frost Mage (level 12, -7/91 HPs)
             Began as a Gnoll Ice Elementalist on Oct 14, 2021.
             Was a High Priest of Okawaru.
             Shot with an arrow by a centaur warrior (15 damage)
             ... on level 11 of the Dungeon.
             The game lasted 01:33:14 (18303 turns).

MacCMillion the Frost Mage (GnIE)                  Turns: 18303, Time: 01:33:15

Health: -7/91      AC:  9    Str: 11    XL:     12   Next: 16%
Magic:  22/24      EV: 15    Int: 16    God:    Okawaru [*****.]
Gold:   533        SH: 13    Dex: 18    Spells: 6/28 levels left

rFire   . . .      SeeInvis .   d - +3 rapier of Agony {venom, Dex+5}
rCold   . . .      Faith    .   I - +2 kite shield
rNeg    . . .      Spirit   .   l - +0 troll leather armour
rPois   .          Reflect  .   h - +0 helmet
rElec   .          Harm     .   L - +0 cloak
rCorr   .          Rampage  .   (no gloves)
Will    +....                   Z - +0 pair of boots
Stlth   ++++......              (no amulet)
HPRegen 1.25/turn               J - ring of willpower
MPRegen 0.19/turn               (no ring)

@: no status effects
A: fangs 1, strong nose, distributed training
a: Renounce Religion, Heroism, Finesse, Duel


You were on level 11 of the Dungeon.
You worshipped Okawaru.
Okawaru was extremely pleased with you.
You visited 3 branches of the dungeon, and saw 13 of its levels.

You collected 735 gold pieces.
You spent 202 gold pieces at shops.

Inventory:

Hand Weapons
 a - the +9 dagger of the Foremost Beds {vorpal, Str+2}
   (You found it on level 10 of the Dungeon)

   It inflicts extra damage upon your enemies.
   Str:       It affects your strength (+2).
 b - a +3 vorpal trident
 d - the +3 rapier of Agony (weapon) {venom, Dex+5}
   (You found it on level 5 of the Dungeon)

   It poisons the flesh of those it strikes.
   Dex:       It affects your dexterity (+5).
 q - a +1 shortbow of freezing
 s - a +5 long sword of holy wrath
 E - a +1 short sword of speed
 T - a +2 dagger of flaming
 X - a +1 whip of electrocution
Missiles
 p - 5 javelins
 r - 51 poisoned darts (quivered)
 K - 348 arrows
Armour
 e - the +2 ring mail of the Onion {rN+}
   (You found it on level 10 of the Dungeon)

   rN:        It protects you from negative energy.
 h - a +0 helmet (worn)
 k - a scarf of repulsion
 l - a +0 troll leather armour (worn)
 n - a +1 ring mail of poison resistance
 I - a +2 kite shield (worn)
 L - a +0 cloak (worn)
 Q - a +1 buckler
 Y - the +2 leather armour of Oblivion {rElec rN+ SInv Stlth-}
   (You found it on level 9 of the Dungeon)

   rElec:     It insulates you from electricity.
   rN:        It protects you from negative energy.
   SInv:      It lets you see invisible.
   Stlth:     It makes you less stealthy.
 Z - a +0 pair of boots (worn)
Jewellery
 J - a ring of willpower (left hand)
 V - an amulet of faith
Wands
 m - a wand of flame (15)
 x - a wand of iceblast (15)
 A - a wand of paralysis (17)
Scrolls
 c - a scroll of torment
 j - 2 scrolls of teleportation
 o - 2 scrolls of noise
 t - 2 scrolls of magic mapping {unknown}
 u - a scroll of fog
 y - 2 scrolls of immolation {unknown}
 D - 4 scrolls of identify
 P - 3 scrolls of enchant armour {unknown}
 W - a scroll of enchant weapon
Potions
 f - 2 potions of curing
 g - a potion of haste
 i - 2 potions of invisibility
 w - 4 potions of lignification
 z - a potion of ambrosia {unknown}
 B - 3 potions of might
 C - a potion of attraction {unknown}
 F - a potion of resistance {unknown}
 H - 2 potions of brilliance
 U - a potion of berserk rage {unknown}


   Skills:
 + Level 7.0 Fighting
 + Level 7.0 Short Blades
 + Level 7.0 Long Blades
 + Level 7.0 Axes
 + Level 7.0 Maces & Flails
 + Level 7.0 Polearms
 + Level 7.0 Staves
 + Level 7.0 Slings
 + Level 7.0 Bows
 + Level 7.0 Crossbows
 + Level 7.0 Throwing
 + Level 7.0 Armour
 + Level 8.5 Dodging
 + Level 8.2 Stealth
 + Level 7.0 Shields
 + Level 7.0 Unarmed Combat
 + Level 8.7 Spellcasting
 + Level 5.8 Conjurations
 + Level 5.8 Hexes
 + Level 5.8 Summonings
 + Level 5.8 Necromancy
 + Level 5.8 Translocations
 + Level 5.8 Transmutations
 + Level 5.8 Fire Magic
 + Level 9.3 Ice Magic
 + Level 5.8 Air Magic
 + Level 5.8 Earth Magic
 + Level 5.8 Poison Magic
 + Level 7.7 Invocations
 + Level 7.0 Evocations


You had 6 spell levels left.
You knew the following spells:

 Your Spells              Type           Power      Damage    Failure   Level
a - Freeze                Ice            100%       1d11      1%          1
b - Frozen Ramparts       Ice            72%        1d9       2%          3
c - Ozocubu's Armour      Ice            36%        N/A       2%          3
d - Blink                 Tloc           N/A        N/A       4%          2
e - Manifold Assault      Tloc           25%        N/A       67%         5
f - Ensorcelled Hibernat  Hex/Ice        62%        N/A       2%          2
g - Slow                  Hex            25%        N/A       4%          2
h - Hailstorm             Conj/Ice       31%        3d8       16%         4

Your spell library contained the following spells:

 Spells                   Type           Power      Damage    Failure   Level
 Confusing Touch          Hex            25%        N/A       10%         3
 Gell's Gravitas          Tloc           12%        N/A       10%         3
 Lesser Beckoning         Tloc           25%        N/A       10%         3
 Teleport Other           Tloc           25%        N/A       10%         3
 Metabolic Englaciation   Hex/Ice        15%        N/A       41%         5
 Yara's Violent Unravell  Hex/Tmut       12%        3d7       67%         5
 Ozocubu's Refrigeration  Ice            18%        4d8       100%        7
 Storm Form               Tmut/Air       12%        N/A       100%        7
 Tukima's Dance           Hex            Unusable   N/A       N/A         3
 Simulacrum               Ice/Necr       Unusable   N/A       N/A         6

Dungeon Overview and Level Annotations

Branches:
Dungeon (11/15)            Temple (1/1) D:4            Lair (0/6) D:11
    Orc (1/2) D:10

Altars:
Ashenzari
Cheibriados
Dithmenos
Elyvilon
Fedhas
Gozag
Hepliaklqana
Kikubaaqudgha
Makhleb
Nemelex Xobeh
Okawaru
Qazlal
Ru
Uskayaw
Vehumet
Wu Jian
Xom
Yredelemnul
Zin
The Shining One
Beogh

Shops:
D:1 !   D:4 *

Portals:
Abyss: D:6
Trove: D:10 (give 4 potions of resistance)

Annotations:
D:3 1 runed translucent door, Crazy Yiuf
D:4 3 runed translucent doors, TimeIsEndless's ghost, novice FoFi
D:9 3 runed translucent doors, Gilette's ghost, novice GnFi
Orc:1 Snorg


Innate Abilities, Weirdness & Mutations

You have very sharp teeth.
Your uncanny sense of smell can sniff out nearby items.
Your experience applies equally to all skills.


Message History

Okay, then.
Really read the scroll of torment?
As you read the scroll of torment, it crumbles to dust.
Your body is wracked with pain!
* * * LOW HITPOINT WARNING * * *
The centaur warrior convulses!
The centaur warrior hits you!
* * * LOW HITPOINT WARNING * * *
You block the centaur warrior's attack. The rakshasa completely misses you.
Unknown command.
Unknown command.
You feel much better. The centaur warrior hits you!
You block the centaur warrior's attack.
The rakshasa hits you with a +1 long sword of protection!
* * * LOW HITPOINT WARNING * * *
You block the centaur warrior's attack. The centaur warrior kicks you.
* * * LOW HITPOINT WARNING * * *
Unknown command.
You hit the centaur warrior but do no damage.
The centaur warrior looks even sicker.
The centaur warrior is severely wounded.
The centaur warrior hits you.
* * * LOW HITPOINT WARNING * * *
You block the centaur warrior's attack. The rakshasa barely misses you.
You block the centaur warrior's attack.
The centaur warrior kicks you but does no damage.
The rakshasa weaves an illusion.
The centaur warrior shimmers and seems to become two!
The centaur warrior wields a +0 longbow.
The centaur warrior shoots an arrow.
You block the arrow.
The centaur warrior wields a +0 longbow.
The centaur warrior shoots an arrow.
The arrow hits you.
* * * LOW HITPOINT WARNING * * *
The centaur warrior shoots an arrow.
The arrow hits you!
* * * LOW HITPOINT WARNING * * *
The centaur warrior shoots an arrow.
You block the arrow.
There is an open door, spattered with blood here.
You feel much better.
The centaur warrior shoots an arrow.
The arrow hits you!!
* * * LOW HITPOINT WARNING * * *
The centaur warrior shoots an arrow.
The arrow hits you!
You die...

#.......#.....###.#####'#
#...§§§.#§....# #.#......
#...§.§§§)....###.#......
#....§c§#.........#......
#####.§§#.........#..##..
#.c§###########..##..
#.c§R....##..........
#........##..........
########@######'######'##
.......†.)...<...........
######.......###..##...#.
.......###.......##...#.
........................
########################


You could see a rakshasa (very poisoned) and 2 centaur warriors.

Vanquished Creatures
  Harold (D:9)
  A two-headed ogre (D:10)
  A sixfirhy (D:6)
  The ghost of zeramoth the Skirmisher, a novice GrFi of Makhleb (D:6)
  An ugly thing (D:8)
  An unseen horror (D:11)
  2 kobold demonologists
  2 komodo dragons (D:11)
  3 trolls
  An ancient zyme (D:6)
  A hornet (D:8)
  A wyvern (D:10)
  3 wraiths
  14 yaks
  3 vampire mosquitoes (D:11)
  4 water moccasins
  3 small abominations (D:6)
  3 orc warriors
  2 ice beasts
  2 sky beasts
  3 necrophages
  4 ogres
  6 centaurs
  A phantom (D:4)
  2 gnoll sergeants
  4 bullfrogs
  A wyvern zombie (D:5)
  2 scorpions
  A water moccasin skeleton (D:6)
  2 water moccasin zombies (D:5)
  26 killer bees
  A howler monkey (D:9)
  A lava snake (D:9)
  5 centaur zombies
  4 bullfrog zombies
  3 hounds
  4 jellies
  7 orc priests
  2 bullfrog skeletons
  A centaur skeleton (D:5)
  Natasha (twice) (D:2)
  6 iguanas
  11 orc wizards
  2 killer bee zombies
  5 hound zombies (D:5)
  2 hound skeletons
  6 gnolls
  9 adders
  A shadow imp (D:6)
  A white imp (D:6)
  An ufetubus (D:6)
  An adder skeleton (D:4)
  A worm (D:2)
  2 dart slugs
  39 orcs
  10 ball pythons
  15 endoplasms
  7 giant cockroaches
  7 goblins
  6 hobgoblins
  4 quokkas
  11 bats
  A frilled lizard (D:1)
  11 kobolds
  4 rats
295 creatures vanquished.

Vanquished Creatures (others)
  An adder zombie (D:5)
  A quokka skeleton (D:4)
  37 fungi (D:11)
  52 plants (D:11)
  9 withered plants (D:5)
100 creatures vanquished.

Grand Total: 395 creatures vanquished

Notes
Turn   | Place    | Note
-------+----------+-------------------------------------------
     0 | D:1      | MacCMillion the Gnoll Ice Elementalist began the quest for
                  | the Orb.
     0 | D:1      | Reached XP level 1. HP: 13/13 MP: 6/6
    99 | D:1      | Reached XP level 2. HP: 19/19 MP: 3/7
   532 | D:1      | Reached XP level 3. HP: 25/25 MP: 7/9
   562 | D:1      | Reached skill level 5 in Spellcasting
   761 | D:1      | Found Fimadox's Distillery.
   895 | D:2      | Reached skill level 1 in Invocations
  1005 | D:2      | Reached skill level 1 in Fighting
  1005 | D:2      | Reached skill level 1 in Short Blades
  1005 | D:2      | Reached skill level 1 in Long Blades
  1005 | D:2      | Reached skill level 1 in Axes
  1005 | D:2      | Reached skill level 1 in Maces & Flails
  1005 | D:2      | Reached skill level 1 in Polearms
  1005 | D:2      | Reached skill level 1 in Staves
  1005 | D:2      | Reached skill level 1 in Slings
  1005 | D:2      | Reached skill level 1 in Bows
  1005 | D:2      | Reached skill level 1 in Crossbows
  1005 | D:2      | Reached skill level 1 in Throwing
  1005 | D:2      | Reached skill level 1 in Armour
  1005 | D:2      | Reached skill level 1 in Shields
  1005 | D:2      | Reached skill level 1 in Unarmed Combat
  1005 | D:2      | Reached skill level 1 in Evocations
  1121 | D:2      | Learned a level 3 spell: Frozen Ramparts
  1125 | D:2      | Learned a level 3 spell: Ozocubu's Armour
  1378 | D:2      | Reached XP level 4. HP: 32/32 MP: 8/11
  1577 | D:2      | Noticed Natasha
  1579 | D:2      | Killed Natasha
  1692 | D:2      | Found a faded altar of an unknown god.
  1756 | D:2      | Reached skill level 1 in Conjurations
  1756 | D:2      | Reached skill level 1 in Hexes
  1756 | D:2      | Reached skill level 1 in Summonings
  1756 | D:2      | Reached skill level 1 in Necromancy
  1756 | D:2      | Reached skill level 1 in Translocations
  1756 | D:2      | Reached skill level 1 in Transmutations
  1756 | D:2      | Reached skill level 1 in Fire Magic
  1756 | D:2      | Reached skill level 1 in Air Magic
  1756 | D:2      | Reached skill level 1 in Earth Magic
  1756 | D:2      | Reached skill level 1 in Poison Magic
  1915 | D:2      | Noticed Natasha
  1919 | D:2      | Killed Natasha
  2257 | D:2      | Found a faded altar of an unknown god.
  2779 | D:3      | Reached XP level 5. HP: 37/37 MP: 5/12
  2848 | D:3      | Found an iron altar of Okawaru.
  2871 | D:3      | Became a worshipper of Warmaster Okawaru
  3380 | D:3      | Found a runed translucent door.
  3381 | D:3      | Noticed Crazy Yiuf
  3414 | D:3      | Reached XP level 6. HP: 44/44 MP: 7/13
  3679 | D:4      | Found Zigyvuwk's Assorted Antiques.
  4040 | D:1      | Bought a potion of curing for 33 gold pieces
  4040 | D:1      | Bought a potion of heal wounds for 55 gold pieces
  4119 | D:4      | Bought an encrusted gold wand for 76 gold pieces
  4119 | D:4      | Bought a scroll of identify for 38 gold pieces
  4120 | D:4      | Found a staircase to the Ecumenical Temple.
  4125 | D:4      | Noticed a sky beast
  4214 | D:4      | Killed a sky beast
  4215 | D:4      | Reached skill level 5 in Dodging
  4614 | D:4      | Noticed a necrophage
  4653 | D:4      | Killed a necrophage
  4654 | D:4      | Reached XP level 7. HP: 40/50 MP: 12/15
  4867 | D:4      | Reached * piety under Okawaru
  5030 | D:4      | Reached skill level 5 in Stealth
  5680 | D:4      | Found a runed translucent gate.
  5680 | D:4      | Noticed TimeIsEndless's ghost (novice FoFi)
  5681 | D:4      | Found a runed translucent gate.
  5683 | D:4      | Found a runed translucent gate.
  5688 | D:4      | Identified the +4 whip of Ishrysux {spect, rElec rF+}
  5761 | D:5      | Entered Level 5 of the Dungeon
  5811 | D:5      | Reached XP level 8. HP: 53/57 MP: 11/16
  6244 | D:5      | Reached ** piety under Okawaru
  6570 | D:5      | Noticed a yak
  6729 | D:5      | Noticed a yak
  6782 | D:5      | Killed a yak
  6956 | D:5      | Noticed a yak
  6977 | D:5      | Noticed a yak
  6978 | D:5      | Killed a yak
  6979 | D:5      | Reached XP level 9. HP: 32/65 MP: 10/18
  7524 | D:4      | Reached *** piety under Okawaru
  7525 | D:4      | Reached skill level 8 in Ice Magic
  7599 | Temple   | Entered the Ecumenical Temple
  8799 | D:5      | Found a sacrificial altar of Ru.
  9054 | D:5      | Identified the +3 rapier of Agony {venom, Dex+5}
  9162 | D:5      | Received a gift from Okawaru
  9365 | D:5      | Found an opulent altar of Gozag.
  9365 | D:5      | Found a radiant altar of Vehumet.
  9373 | D:5      | Found a burning altar of Makhleb.
  9375 | D:5      | Found an ancient bone altar of Kikubaaqudgha.
  9377 | D:5      | Found a faded altar of an unknown god.
  9426 | D:5      | Reached skill level 5 in Invocations
  9669 | D:6      | Found a transporter.
  9670 | D:6      | Noticed a sixfirhy
  9877 | D:6      | Noticed an ancient zyme
  9892 | D:6      | Found a transporter.
  9902 | D:6      | Found a one-way gate to the infinite horrors of the Abyss.
  9902 | D:6      | Noticed zeramoth's ghost (novice GrFi)
 10374 | D:6      | Reached XP level 10. HP: 73/73 MP: 20/20
 10647 | D:6      | Killed zeramoth's ghost
 10647 | D:6      | Reached **** piety under Okawaru
 10648 | D:6      | Reached skill level 5 in Fighting
 10648 | D:6      | Reached skill level 5 in Short Blades
 10648 | D:6      | Reached skill level 5 in Long Blades
 10648 | D:6      | Reached skill level 5 in Axes
 10648 | D:6      | Reached skill level 5 in Maces & Flails
 10648 | D:6      | Reached skill level 5 in Polearms
 10648 | D:6      | Reached skill level 5 in Staves
 10648 | D:6      | Reached skill level 5 in Slings
 10648 | D:6      | Reached skill level 5 in Bows
 10648 | D:6      | Reached skill level 5 in Crossbows
 10648 | D:6      | Reached skill level 5 in Throwing
 10648 | D:6      | Reached skill level 5 in Armour
 10648 | D:6      | Reached skill level 5 in Shields
 10648 | D:6      | Reached skill level 5 in Unarmed Combat
 10648 | D:6      | Reached skill level 5 in Evocations
 10650 | D:6      | Killed a sixfirhy
 11073 | D:6      | Learned a level 2 spell: Blink
 11418 | D:7      | Reached ***** piety under Okawaru
 11511 | D:7      | Found a snail-covered altar of Cheibriados.
 11884 | D:7      | Received a gift from Okawaru
 12949 | D:8      | Found a glowing silver altar of Zin.
 13012 | D:8      | Found a blossoming altar of Fedhas.
 13492 | D:9      | Identified the +2 leather armour of Oblivion {rElec rN+
                  | SInv Stlth-}
 13524 | D:9      | Noticed a kobold demonologist
 13540 | D:9      | Killed a kobold demonologist
 13541 | D:9      | Reached XP level 11. HP: 74/81 MP: 16/22
 13590 | D:9      | Found a shadowy altar of Dithmenos.
 13623 | D:9      | Noticed Harold
 13628 | D:9      | Noticed a green ugly thing
 13661 | D:9      | Received a gift from Okawaru
 13950 | D:8      | Killed a white ugly thing
 13951 | D:8      | Reached skill level 5 in Conjurations
 13951 | D:8      | Reached skill level 5 in Hexes
 13951 | D:8      | Reached skill level 5 in Summonings
 13951 | D:8      | Reached skill level 5 in Necromancy
 13951 | D:8      | Reached skill level 5 in Translocations
 13951 | D:8      | Reached skill level 5 in Transmutations
 13951 | D:8      | Reached skill level 5 in Fire Magic
 13951 | D:8      | Reached skill level 5 in Air Magic
 13951 | D:8      | Reached skill level 5 in Earth Magic
 13951 | D:8      | Reached skill level 5 in Poison Magic
 14534 | D:9      | Found a runed translucent gate.
 14534 | D:9      | Found a runed translucent gate.
 14534 | D:9      | Found a runed translucent gate.
 14763 | D:9      | Found a hide-covered altar of Uskayaw.
 14788 | D:9      | Found a shimmering altar of Xom.
 15129 | D:9      | Found an opulent altar of Gozag.
 15130 | D:9      | Noticed Gilette's ghost (novice GnFi)
 15318 | D:9      | Killed Harold
 15318 | D:9      | Received a gift from Okawaru
 15443 | D:10     | Entered Level 10 of the Dungeon
 15541 | D:10     | Identified the +2 ring mail of the Onion {rN+}
 15629 | D:10     | Noticed a two-headed ogre
 15640 | D:10     | Killed a two-headed ogre
 15641 | D:10     | Reached skill level 9 in Ice Magic
 15983 | D:10     | Found a staircase to the Orcish Mines.
 16217 | D:10     | Identified the +9 dagger of the Foremost Beds {vorpal,
                  | Str+2}
 16555 | D:10     | Found a portal to a secret trove of treasure.
 16978 | Orc:1    | Entered Level 1 of the Orcish Mines
 16980 | Orc:1    | Noticed Snorg
 16980 | Orc:1    | Noticed a two-headed ogre
 16991 | Orc:1    | Noticed an ogre mage
 16994 | Orc:1    | Noticed a two-headed ogre
 17516 | D:11     | Learned a level 5 spell: Manifold Assault
 17605 | D:11     | Received a gift from Okawaru
 17649 | D:11     | Found a staircase to the Lair.
 17879 | D:11     | Reached XP level 12. HP: 66/89 MP: 19/24
 18032 | D:11     | Learned a level 2 spell: Ensorcelled Hibernation
 18035 | D:11     | Learned a level 2 spell: Slow
 18040 | D:11     | Learned a level 4 spell: Hailstorm
 18276 | D:11     | Noticed a centaur warrior
 18277 | D:11     | Noticed a rakshasa
 18303 | D:11     | Shot with an arrow by a centaur warrior

Illustrated notes

Levels and vault maps discovered:
D:1:      dpeg_arrival_round_b, layout_basic, serial_shops,
          nicolae_shop_behind_doors
D:2:      layout_loops_cross, shapermc_ecumenical_altar_totnotflames,
          grunt_ministairs_11, uniq_natasha
D:3:      layout_loops_ring, amcnicky_altar_gilded, uniq_crazy_yiuf_cottage
D:4:      minmay_razor_zed, layout_loops_cross,
          minmay_temple_entry_purple_smoke, serial_shops, nicolae_stop_n_shop_1,
          biasface_ghost_orc_armoury
D:5:      layout_gridville, nicolae_ru_sacrificial_ziggurat,
          chequers_temple_overflow_minitemple, serial_undead, serial_undead_a,
          serial_undead_b, serial_undead_c, serial_undead_b, serial_undead_d,
          serial_undead_c, serial_undead_f, serial_undead_a, lemuel_old_faithful
D:6:      layout_loops_cross, gammafunk_ghost_abyssal_escape
D:7:      layout_basic, kennysheep_slug_shrine
D:8:      layout_basic, zin_scriptorium, fedhas_bush_and_centaur_altar
D:9:      kennysheep_big_flooded_room, layout_basic,
          mainiacjoe_overflow_chevrons, nicolae_uskayaw_suspiria,
          mainiacjoe_overflow_boulevard, ebering_ghost_gozag, hex_medium,
          minmay_misc_feat_rows, uniq_harold
D:10:     layout_layer_cave, erik_orc_4, nicolae_trove_entry_columns,
          chequers_serial_rivers_small_3, kennysheep_opposing_triangles
D:11:     layout_stronghold, due_lair_maze_entry_diamond, uniq_maurice
Temple:   eino_temple_lava
Orc:1:    layout_caves, ebering_ghost_rock_garden, serial_shops,
          nicolae_shop_overgrown_old_shop, uniq_snorg

Skill      XL: |  1  2  3  4  5  6  7  8  9 10 11 12 |
---------------+-------------------------------------+-----
Spellcasting   | 5 6 7 8 |  8.7
Invocations    | 1 2 3 4 5 6 7 |  7.7
Fighting       | 1 2 3 4 5 6 7 |  7.0
Short Blades   | 1 2 3 4 5 6 7 |  7.0
Long Blades    | 1 2 3 4 5 6 7 |  7.0
Axes           | 1 2 3 4 5 6 7 |  7.0
Maces & Flails | 1 2 3 4 5 6 7 |  7.0
Polearms       | 1 2 3 4 5 6 7 |  7.0
Staves         | 1 2 3 4 5 6 7 |  7.0
Slings         | 1 2 3 4 5 6 7 |  7.0
Bows           | 1 2 3 4 5 6 7 |  7.0
Crossbows      | 1 2 3 4 5 6 7 |  7.0
Throwing       | 1 2 3 4 5 6 7 |  7.0
Armour         | 1 2 3 4 5 6 7 |  7.0
Shields        | 1 2 3 4 5 6 7 |  7.0
Unarmed Combat | 1 2 3 4 5 6 7 |  7.0
Evocations     | 1 2 3 4 5 6 7 |  7.0
Conjurations   | 1 2 3 4 5 |  5.8
Hexes          | 1 2 3 4 5 |  5.8
Summonings     | 1 2 3 4 5 |  5.8
Necromancy     | 1 2 3 4 5 |  5.8
Translocations | 1 2 3 4 5 |  5.8
Transmutations | 1 2 3 4 5 |  5.8
Fire Magic     | 1 2 3 4 5 |  5.8
Air Magic      | 1 2 3 4 5 |  5.8
Earth Magic    | 1 2 3 4 5 |  5.8
Poison Magic   | 1 2 3 4 5 |  5.8
Dodging        | 5 6 7 8 |  8.5
Stealth        | 5 6 7 8 |  8.2
Ice Magic      | 8 9 |  9.3

Action                   |  1- 3 |  4- 6 |  7- 9 | 10-12 || total
-------------------------+-------+-------+-------+-------++-------
Melee: Spear             |    10 |       |       |       ||    10
       Short sword       |     6 |       |   328 |       ||   334
       Dagger            |     8 |    77 |    91 |    55 ||   231
       Bite              |       |     8 |    44 |    43 ||    95
       Rapier            |       |       |    60 |   284 ||   344
       Long sword        |       |       |       |     7 ||     7
Throw: Javelin           |       |     4 |       |     4 ||     8
       Dart              |       |       |     6 |    54 ||    60
       Throwing net      |       |       |       |     3 ||     3
 Cast: Freeze            |    44 |    39 |    46 |     7 ||   136
       Frozen Ramparts   |       |     6 |    21 |    36 ||    63
       Ozocubu's Armour  |       |     3 |    25 |    31 ||    59
       Blink             |       |       |       |     5 ||     5
       Ensorcelled Hiber |       |       |       |     2 ||     2
       Hailstorm         |       |       |       |     1 ||     1
Invok: Heroism           |       |       |     3 |     1 ||     4
       Finesse           |       |       |       |     1 ||     1
Evoke: Wand              |       |       |     1 |     7 ||     8
  Use: Scroll            |       |     6 |       |     9 ||    15
       Potion            |       |       |       |     7 ||     7
 Stab: Sleeping          |    13 |     5 |     4 |     8 ||    30
       Paralysed         |       |       |       |     2 ||     2
       Distracted        |       |       |       |     1 ||     1
Armor: Robe              |     4 |     1 |       |       ||     5
       Ring mail         |       |    29 |   159 |   115 ||   303
       Troll leather arm |       |       |       |    45 ||    45
Dodge: Dodged            |    24 |    58 |   185 |   230 ||   497
       Repelled          |       |     1 |       |       ||     1
Block: Buckler           |       |    14 |    61 |       ||    75
       Kite shield       |       |       |    36 |   362 ||   398

Table legend: (Time is in decaauts)
 A = Elapsed time spent in this place.
 B = Non-inter-level travel time spent in this place.
 C = Inter-level travel time spent in this place.
 D = Time resting spent in this place.
 E = Time spent auto-exploring this place.
 F = Levels seen in this place.
 G = Mean time per level.
                   A        B        C        D        E       F      G
               +--------+--------+--------+--------+--------+-----+--------+
         Total |  18198 |  17325 |    873 |   3788 |  10007 |  13 | 1399.8 |
       Dungeon |  17740 |  16867 |    873 |   3369 |  10007 |  11 | 1612.7 |
        Temple |    439 |    439 |      0 |    419 |      0 |   1 |  439.0 |
  Orcish Mines |     18 |     18 |      0 |      0 |      0 |   1 |   18.0 |
               +--------+--------+--------+--------+--------+-----+--------+

Top non-repeatable levels by time:
     D:4: 2405 daAuts
     D:5: 2384 daAuts
    D:10: 1999 daAuts
     D:2: 1948 daAuts
     D:6: 1760 daAuts
     D:9: 1605 daAuts
     D:8: 1580 daAuts
     D:3: 1434 daAuts
     D:1: 901 daAuts
     D:7: 890 daAuts
    D:11: 831 daAuts
  Temple: 439 daAuts
   Orc:1: 18 daAuts
